[Event "Titled Tuesday Blitz September 27 Early 2022"]
[White "Gabrielian, Artur"]
[Black "Reyes, Narquingden"]
[WhiteFideId "4131002"]
[BlackFideId "5217334"]
[WhiteElo "2467"]
[BlackElo "2313"]
[Result "1-0"]
[Round "11"]
[TimeControl "180+1"]
[Date "2022.09.27"]
[WhiteClock "0:00:14"]
[BlackClock "0:00:17"]

1. e4 c6 2. d4 d5 3. e5 Bf5 4. h4 h5 5. Bd3 Bxd3 6. Qxd3 Qa5+ 7. Nd2 Qa6 8. c4 e6 9. Ngf3 Nd7 10. O-O Ne7 11. b3 Nf5 12. Re1 Be7 13. g3 Rd8 14. a4 O-O 15. Qc2 g6 16. c5 b6 17. b4 bxc5 18. dxc5 Rb8 19. Rb1 Rb7 20. Nf1 Rfb8 21. Bd2 d4 22. Qe4 Qxa4 23. g4 hxg4 24. Qxg4 Ng7 25. Ng3 Qc2 26. Rbc1 Qd3 27. Red1 Nf5 28. Bg5 Qe2 29. Bxe7 Nxe7 30. Re1 Qd3 31. Rcd1 Qc2 32. h5 Rxb4 33. Qg5 Re8 34. Ne4 d3 35. Nd6 Rf8 36. Qxe7 Rg4+ 37. Kf1 Nxc5 38. h6 Rf4 39. h7+ Kg7 40. Qxf8+ Kxh7 41. Ng5# 1-0


[Site "https://www.chess.com"]

[Event "Titled Tuesday Blitz September 27 Early 2022"]
[White "Goncalves, Davi Sulzbacher"]
[Black "De Souza, Cristiano Gomes"]
[WhiteFideId "2154510"]
[BlackFideId "2151758"]
[WhiteElo "2107"]
[BlackElo "2068"]
[Result "0-1"]
[Round "11"]
[TimeControl "180+1"]
[Date "2022.09.27"]
[WhiteClock "0:00:18"]
[BlackClock "0:01:57"]

1. c4 Nf6 2. Nc3 g6 3. g3 Bg7 4. Bg2 O-O 5. e4 d6 6. Nge2 c5 7. O-O Nc6 8. Rb1 Ne8 9. a3 Nc7 10. b4 Ne6 11. b5 Ncd4 12. d3 Nxe2+ 13. Nxe2 Nd4 14. Nxd4 Bxd4 15. Bh6 Bg7 16. Bxg7 Kxg7 17. d4 Qb6 18. d5 a6 19. a4 axb5 20. axb5 Ra2 21. Ra1 Qa5 22. Rxa2 Qxa2 23. Qa1+ Qxa1 24. Rxa1 e6 25. e5 dxe5 26. d6 Rd8 27. Rd1 f5 28. Kf1 Kf6 29. Ke2 e4 30. f3 Ke5 31. fxe4 fxe4 32. Ke3 Rxd6 33. Rxd6 Kxd6 34. Bxe4 e5 35. Bd5 b6 36. Bg8 h6 37. Bh7 g5 38. g4 Bxg4 39. Bd3 h5 40. Be4 h4 41. Bd3 Be6 42. Ke4 g4 43. Be2 g3 44. hxg3 h3 45. Kf3 e4+ 46. Kxe4 h2 47. Bf3 Bxc4 0-1


[Site "https://www.chess.com"]

[Event "Titled Tuesday Blitz September 27 Early 2022"]
[White "Guerrero Olmos, Sergio"]
[Black "Kvon, Andrey"]
[WhiteFideId "2257238"]
[BlackFideId "14201356"]
[WhiteElo "2259"]
[BlackElo "2458"]
[Result "0-1"]
[Round "11"]
[TimeControl "180+1"]
[Date "2022.09.27"]
[WhiteClock "0:00:40"]
[BlackClock "0:01:07"]

1. d4 f5 2. Nf3 Nf6 3. Bf4 d5 4. e3 e6 5. c4 c6 6. Nc3 Bd6 7. Be2 O-O 8. O-O b6 9. Rc1 Bb7 10. a3 Bxf4 11. exf4 Qd6 12. Ne5 Nbd7 13. b4 dxc4 14. Bxc4 Rad8 15. Qb3 Nd5 16. Nxd5 exd5 17. Bd3 g6 18. Rc2 Qe6 19. Rfc1 Nxe5 20. fxe5 f4 21. f3 Rc8 22. Qa4 a6 23. h3 Rc7 24. Qb3 Rfc8 25. a4 Kg7 26. a5 b5 27. Rc5 Rg8 28. Qb2 Kh8 29. Qd2 Rf7 30. Bb1 g5 31. Kh2 Qh6 32. Qc2 Qh4 33. Rxc6 Bxc6 34. Qxc6 g4 35. Qxd5 gxh3 36. Qxf7 Rxg2+ 37. Kh1 Rh2+ 38. Kxh2 Qg3+ 39. Kh1 Qg2# 0-1


[Site "https://www.chess.com"]

[Event "Titled Tuesday Blitz September 27 Early 2022"]
[White "Haitin, Ilja"]
[Black "Zanette, Edgard Vinicius"]
[WhiteFideId "4501764"]
[BlackFideId "2109263"]
[WhiteElo "2243"]
[BlackElo "2182"]
[Result "1-0"]
[Round "11"]
[TimeControl "180+1"]
[Date "2022.09.27"]
[WhiteClock "0:00:12"]
[BlackClock "0:00:17"]

1. e4 c5 2. Nf3 d6 3. Bb5+ Nd7 4. a4 Nf6 5. Nc3 a6 6. Bc4 e6 7. O-O Be7 8. a5 O-O 9. Re1 b5 10. axb6 Nxb6 11. Bf1 e5 12. d3 h6 13. b3 Bd7 14. Ne2 Kh7 15. Ng3 g6 16. Bd2 Ng8 17. h3 f5 18. exf5 gxf5 19. Nh2 Qe8 20. f4 Qg6 21. Qf3 Bh4 22. Re3 Rac8 23. Rxa6 Bc6 24. Qh5 Bxg3 25. Qxg6+ Kxg6 26. Rxg3+ Kf7 27. Rxb6 e4 28. Bc3 Nf6 29. Be2 d5 30. Bxf6 Kxf6 31. Bh5 Ke7 32. Rg7+ Kd6 33. Rg6+ Kd7 34. Rxh6 Rg8 35. Rh7+ Kd6 36. Rh6+ Kd7 37. Nf1 Rg7 38. Ne3 d4 39. Nxf5 Rgg8 40. Rd6+ Kc7 41. Rbxc6+ Kb7 42. Rb6+ Ka7 43. Ra6+ Kb7 44. Rab6+ Ka7 45. dxe4 Rgd8 46. Ra6+ Kb7 47. Rab6+ Ka7 48. Rxd8 Rxd8 49. Rc6 c4 50. Rxc4 d3 51. cxd3 Rh8 52. Rd4 Rxh5 53. Kf2 Rh8 54. Kf3 Rh7 55. e5 Rb7 56. b4 Rb5 57. Re4 Rb7 58. h4 Rg7 59. g4 Rf7 60. e6 Rf8 61. e7 Re8 62. Rd4 Kb7 63. Rd8 Rxe7 64. Nxe7 Kc7 65. Rd5 Kb7 66. Rc5 Kb6 67. h5 Ka7 68. h6 Kb7 69. h7 Ka7 70. Nf5 Kb6 71. Ne3 Kb7 72. h8=Q Ka7 73. Qh6 1-0


[Site "https://www.chess.com"]

[Event "Titled Tuesday Blitz September 27 Early 2022"]
[White "Hansen, Eric"]
[Black "Saydaliev, Saidakbar"]
[WhiteFideId "2606771"]
[BlackFideId "14203693"]
[WhiteElo "2568"]
[BlackElo "2265"]
[Result "1-0"]
[Round "11"]
[TimeControl "180+1"]
[Date "2022.09.27"]
[WhiteClock "0:00:04"]
[BlackClock "0:00:04"]

1. e4 e5 2. Nf3 Nc6 3. Bb5 a6 4. Ba4 Nf6 5. O-O Nxe4 6. d4 b5 7. Bb3 d5 8. dxe5 Be6 9. c3 Be7 10. Nbd2 Nc5 11. Bc2 d4 12. Nb3 d3 13. Bb1 Nxb3 14. axb3 Bf5 15. Re1 O-O 16. Be3 Qd5 17. b4 a5 18. bxa5 Rxa5 19. Rxa5 Nxa5 20. Nd4 Bg6 21. Bxd3 Bxd3 22. Qxd3 c6 23. Bc1 Nc4 24. Qg3 Re8 25. Nf5 Bf8 26. h4 Kh8 27. f4 f6 28. Qg4 fxe5 29. Kh2 e4 30. Ne3 Nxe3 31. Bxe3 g6 32. Rd1 Qf5 33. Qe2 Bg7 34. g4 Qf7 35. Rd6 Rc8 36. Qd1 Qc4 37. Kg3 Kg8 38. Qd2 Qf1 39. Qg2 Qb1 40. h5 gxh5 41. g5 Kf7 42. Qh3 Re8 43. Qf5+ Kg8 44. Rd7 Rf8 45. Qe6+ Kh8 46. Rxg7 Kxg7 47. Bd4+ 1-0


[Site "https://www.chess.com"]

[Event "Titled Tuesday Blitz September 27 Early 2022"]
[White "Harsh Suresh"]
[Black "Aldokhin, Ivan"]
[WhiteFideId "45018464"]
[BlackFideId "24115720"]
[WhiteElo "2070"]
[BlackElo "2243"]
[Result "1-0"]
[Round "11"]
[TimeControl "180+1"]
[Date "2022.09.27"]
[WhiteClock "0:00:05"]
[BlackClock "0:00:02"]

1. Nf3 Nf6 2. b3 g6 3. Bb2 Bg7 4. e3 O-O 5. c4 a5 6. a3 d6 7. Be2 e5 8. d4 exd4 9. Nxd4 Na6 10. O-O h5 11. Nc3 h4 12. Bf3 h3 13. g3 Re8 14. b4 axb4 15. axb4 Rb8 16. Rxa6 c5 17. Ra1 cxd4 18. Qxd4 Ng4 19. Qd1 Ne5 20. Be2 Be6 21. Nd5 Rc8 22. Rc1 Nf3+ 23. Bxf3 Bxb2 24. Rc2 Bg7 25. Qd3 Qg5 26. Nf4 Bf5 27. e4 Bd7 28. Qxd6 Ba4 29. Ra2 Be5 30. Qd5 Bc6 31. Qd2 Rcd8 32. Qe3 Bd4 33. Qc1 Bxe4 34. Bxe4 Rxe4 35. Nxh3 Qf5 36. Nf4 Rc8 37. Ra5 Qd7 38. Rd5 Qc6 39. Qd2 Bf6 40. Rc5 Qe8 41. Rxc8 Qxc8 42. Nd5 Bg7 43. c5 Qe6 44. Nf4 Qf5 45. Qd8+ Kh7 46. Rd1 g5 47. Ng2 Re2 48. Qd3 Qxd3 49. Rxd3 Rb2 50. h4 Rxb4 51. hxg5 Kg6 52. Rd5 Rb1+ 53. Kh2 Rb2 54. Nf4+ Kh7 55. Kg2 Kg8 56. Rd7 Be5 57. Rd8+ Kg7 58. Nd3 Re2 59. Re8 f6 60. gxf6+ Kxf6 61. Rxe5 Rxe5 62. Nxe5 Kxe5 63. g4 Kd5 64. g5 Ke6 65. f4 Kf5 66. Kf3 1-0


[Site "https://www.chess.com"]

[Event "Titled Tuesday Blitz September 27 Early 2022"]
[White "Hristodoulou, Panagiotis"]
[Black "Makhnev, Denis"]
[WhiteFideId "4214340"]
[BlackFideId "13707647"]
[WhiteElo "2172"]
[BlackElo "2486"]
[Result "1/2-1/2"]
[Round "11"]
[TimeControl "180+1"]
[Date "2022.09.27"]
[WhiteClock "0:01:09"]
[BlackClock "0:00:14"]

1. e4 c6 2. d4 d5 3. e5 Bf5 4. Nf3 e6 5. Be2 c5 6. O-O Nc6 7. Be3 cxd4 8. Nxd4 Nge7 9. c4 Nxd4 10. Bxd4 Nc6 11. cxd5 Qxd5 12. Bf3 Qd7 13. Bc3 Bc5 14. Qxd7+ Kxd7 15. Nd2 Nd4 16. Bxb7 Ne2+ 17. Kh1 Rab8 18. Be4 Nxc3 19. bxc3 Rhc8 20. Bxf5 exf5 21. Nb3 Ba3 22. Rad1+ Ke7 23. Rd3 g6 24. g3 Rc4 25. Rfd1 Rb7 26. Kg2 Rbc7 27. Nd4 a6 28. e6 Rxc3 29. exf7 Kxf7 30. Nf3 Rxd3 31. Rxd3 Be7 32. Ne5+ Ke6 33. Nf3 Rc4 34. Nd4+ Kf6 35. Kf3 Ra4 36. Rd2 Rc4 37. Nb3 Bb4 38. Rd4 Rc3+ 39. Kg2 a5 40. Kf1 Rc2 41. a3 Bxa3 42. Nxa5 Bc5 43. Rf4 g5 44. Rf3 g4 45. Rf4 Bd6 46. Rc4 Ra2 47. Nb3 Rb2 48. Nd4 Rd2 49. Ne2 h5 50. Nf4 h4 51. gxh4 Ra2 52. Kg2 Bxf4 53. Rxf4 Ra3 54. Rb4 Rh3 55. Rb6+ Kg7 56. Rb5 Kg6 57. Rb6+ Kg7 58. Rb5 Kg6 59. Rb6+ Kg7 1/2-1/2


[Site "https://www.chess.com"]

[Event "Titled Tuesday Blitz September 27 Early 2022"]
[White "Itkis, Boris"]
[Black "Moaataz, Ayah"]
[WhiteFideId "1209167"]
[BlackFideId "10615873"]
[WhiteElo "2207"]
[BlackElo "1993"]
[Result "1-0"]
[Round "11"]
[TimeControl "180+1"]
[Date "2022.09.27"]
[WhiteClock "0:00:14"]
[BlackClock "0:00:13"]

1. c4 c6 2. Nf3 d5 3. g3 Nf6 4. Bg2 g6 5. b3 Bg7 6. Bb2 O-O 7. O-O Nbd7 8. Nc3 e5 9. d3 Re8 10. Rc1 e4 11. Ne1 e3 12. cxd5 exf2+ 13. Rxf2 Ng4 14. dxc6 bxc6 15. Nc2 Nxf2 16. Kxf2 Nf6 17. h3 Qb6+ 18. e3 Ba6 19. Na4 Qb8 20. Bxc6 Bb7 21. Bxe8 Qxe8 22. Bd4 Qc6 23. Qf1 Qf3+ 24. Ke1 Qxg3+ 25. Qf2 Qg5 26. Nb4 Re8 27. Rc7 Bc8 28. Kd2 Be6 29. Nc5 Nd5 30. Nxe6 Rxe6 31. Qxf7+ 1-0


[Site "https://www.chess.com"]

[Event "Titled Tuesday Blitz September 27 Early 2022"]
[White "Jakubowski, Krzysztof"]
[Black "Sukandar, Irine Kharisma"]
[WhiteFideId "1112848"]
[BlackFideId "7101937"]
[WhiteElo "2306"]
[BlackElo "2284"]
[Result "1-0"]
[Round "11"]
[TimeControl "180+1"]
[Date "2022.09.27"]
[WhiteClock "0:00:11"]
[BlackClock "0:00:05"]

1. c4 c6 2. Nf3 d5 3. e3 Nf6 4. Nc3 e6 5. b3 Nbd7 6. Bb2 Be7 7. Qc2 O-O 8. g4 Nc5 9. g5 Nfe4 10. Rg1 Re8 11. h4 Bf8 12. Nd1 e5 13. d3 Bf5 14. b4 dxc4 15. bxc5 Nxc5 16. Qxc4 Bxd3 17. Bxd3 Nxd3+ 18. Ke2 Nc5 19. h5 b5 20. Qc2 Qc7 21. g6 fxg6 22. hxg6 h6 23. Ba3 Na4 24. Bxf8 Rxf8 25. Rc1 c5 26. Qe4 Rae8 27. Rc2 Qd6 28. Rd2 Qe6 29. Qd5 e4 30. Nh4 Rf6 31. Rg4 Kf8 32. Qxe6 Rexe6 33. Rd8+ Ke7 34. Rg8 Kd6 35. Rxg7 c4 36. Rxa7 Rf8 37. g7 Rg8 38. Nf5+ Ke5 39. Nd4 Rd6 40. Re7+ Kd5 41. Rgxe4 c3 42. R4e5+ Kc4 43. Rc7+ Kb4 44. Nc2+ Ka5 45. Nxc3 Nxc3+ 46. Rxc3 Rxg7 47. Rcc5 Rb6 48. Nd4 h5 49. Rxb5+ Rxb5 50. Rxb5+ Ka4 51. Rxh5 Ka3 52. f4 Kxa2 53. f5 Ka3 54. f6 Rf7 55. Rf5 Kb4 56. Ne6 Kc4 57. Ng5 Rf8 58. f7 Kc3 59. Ne6 Rh8 60. f8=Q Rxf8 61. Rxf8 Kc4 62. Rd8 1-0


[Site "https://www.chess.com"]

[Event "Titled Tuesday Blitz September 27 Early 2022"]
[White "Janaszak, Dawid"]
[Black "Barria Zuniga, Daniel"]
[WhiteFideId "1119206"]
[BlackFideId "3400816"]
[WhiteElo "2165"]
[BlackElo "2414"]
[Result "0-1"]
[Round "11"]
[TimeControl "180+1"]
[Date "2022.09.27"]
[WhiteClock "0:00:48"]
[BlackClock "0:00:07"]

1. d4 d5 2. Bf4 e6 3. Nf3 Nf6 4. e3 Be7 5. Nbd2 b6 6. Ne5 Nfd7 7. Qg4 O-O 8. Ndf3 Nxe5 9. dxe5 f5 10. Qh5 Ba6 11. O-O-O Bxf1 12. Rhxf1 c5 13. g4 Nc6 14. Rg1 Qe8 15. Qh3 Nb4 16. a3 Nc6 17. gxf5 Rxf5 18. Rxd5 Rxf4 19. exf4 exd5 20. Qe6+ Kh8 21. Qxd5 Rd8 22. Qe4 Nd4 23. Ne1 Qc6 24. Qxc6 Nxc6 25. c3 Rf8 26. Nd3 c4 27. Nb4 Nxb4 28. axb4 Rxf4 29. Rd1 Rxf2 30. Rd7 Bg5+ 31. Kd1 h5 32. Rxa7 Rxh2 33. Rc7 b5 34. e6 Rd2+ 35. Ke1 Rd5 36. Kf2 h4 37. Kf3 Kh7 38. Ke4 Rd1 39. Kf5 Bf6 40. Kg4 Rg1+ 41. Kh3 Re1 42. Rc5 Rxe6 43. Rxb5 Kh6 44. Rc5 g5 45. Rxc4 Re3+ 46. Kg4 Rg3+ 47. Kf5 h3 48. Re4 Kg7 49. Re2 Rg2 50. Re3 g4 51. Rd3 h2 52. Rd7+ Kh6 53. Kxf6 h1=Q 54. Rd8 Qf1+ 0-1


[Site "https://www.chess.com"]

[Event "Titled Tuesday Blitz September 27 Early 2022"]
[White "Jaskolka, Tomasz"]
[Black "Jeet, Jain"]
[WhiteFideId "1170791"]
[BlackFideId "5073022"]
[WhiteElo "2073"]
[BlackElo "2055"]
[Result "0-1"]
[Round "11"]
[TimeControl "180+1"]
[Date "2022.09.27"]
[WhiteClock "0:00:08"]
[BlackClock "0:00:06"]

1. d4 Nf6 2. Bf4 g6 3. Nc3 Bg7 4. e4 d5 5. e5 Ne4 6. Nxe4 dxe4 7. f3 exf3 8. Nxf3 c5 9. c3 Bg4 10. Be2 O-O 11. O-O cxd4 12. cxd4 e6 13. h3 Bxf3 14. Bxf3 Nc6 15. Be3 Qb6 16. Qd2 Rfd8 17. Qf2 Nxd4 18. Be4 Bxe5 19. Qxf7+ Kh8 20. Rad1 Ne2+ 21. Kf2 Qxb2 22. Rxd8+ Rxd8 23. Rb1 Qxa2 24. Kf3 Ng3 25. Bd3 Qa3 26. Qxe6 Rf8+ 27. Kg4 Qa4+ 28. Bc4 h5+ 29. Kh4 Bf6+ 30. Kxg3 Qc2 31. Rxb7 Qc3 32. Rf7 Be5+ 33. Kh4 Qe1+ 34. Kg5 Qg3+ 35. Kh6 Qxe3+ 36. Kxg6 Rg8+ 37. Kf5 Qf4# 0-1


[Site "https://www.chess.com"]

[Event "Titled Tuesday Blitz September 27 Early 2022"]
[White "Jiganchine, Roman"]
[Black "Melikhov, Evgeny V."]
[WhiteFideId "2603667"]
[BlackFideId "4122046"]
[WhiteElo "2277"]
[BlackElo "1963"]
[Result "1-0"]
[Round "11"]
[TimeControl "180+1"]
[Date "2022.09.27"]
[WhiteClock "0:00:40"]
[BlackClock "0:00:05"]

1. Nf3 f5 2. d3 d6 3. e4 e5 4. Nc3 Nf6 5. exf5 Bxf5 6. d4 e4 7. Nh4 Bg4 8. Be2 Bxe2 9. Qxe2 d5 10. Qb5+ Nc6 11. Qxb7 Nb4 12. O-O Rb8 13. Qxa7 Bd6 14. Qa4+ c6 15. Nf5 O-O 16. g3 Ng4 17. Nxd6 Qxd6 18. a3 Qg6 19. axb4 Qh5 20. h4 Nxf2 21. Be3 Qf3 22. Bxf2 e3 23. Qxc6 exf2+ 24. Kh2 Rbd8 25. Qe6+ Kh8 26. Qe2 Qf5 27. Kg2 Rde8 28. Qxf2 Qc8 29. Qd2 Qg4 30. Rxf8+ Rxf8 31. Rf1 Rxf1 32. Kxf1 Qxg3 33. Qf2 Qh3+ 34. Ke1 h6 35. b5 Qe6+ 36. Kd2 Qb6 37. Kc1 Qa5 38. Kb1 Qb6 39. Qf8+ Kh7 40. Qf5+ Kh8 41. Qxd5 Qf6 42. h5 g6 43. Qe5 Qxe5 44. dxe5 gxh5 45. Ne2 h4 46. Ng1 1-0


[Site "https://www.chess.com"]

[Event "Titled Tuesday Blitz September 27 Early 2022"]
[White "Kalajzic, Ivan"]
[Black "Levitan, Caleb Levi"]
[WhiteFideId "14506378"]
[BlackFideId "14332620"]
[WhiteElo "2163"]
[BlackElo "1811"]
[Result "0-1"]
[Round "11"]
[TimeControl "180+1"]
[Date "2022.09.27"]
[WhiteClock "0:00:24"]
[BlackClock "0:00:06"]

1. d4 d5 2. Nc3 c6 3. Nf3 Bf5 4. Bf4 e6 5. e3 Bd6 6. Bg3 Nf6 7. Bd3 Bg6 8. O-O O-O 9. Ne5 Qe7 10. f4 Nbd7 11. Ne2 c5 12. c3 Ne4 13. Nxg6 hxg6 14. Bxe4 dxe4 15. Qe1 Nf6 16. Bh4 Qc7 17. Bxf6 gxf6 18. Qh4 f5 19. g4 Kg7 20. gxf5 exf5 21. Ng3 Rh8 22. Qg5 Qd7 23. dxc5 Be7 24. Rad1 Qe6 25. Rd6 Bxg5 26. Rxe6 fxe6 27. fxg5 Rhd8 28. Rf2 Rd1+ 29. Nf1 a5 30. Rc2 a4 31. Kf2 Rc8 32. Ke2 Rdd8 33. b4 axb3 34. axb3 Rxc5 35. c4 b5 36. Nd2 Rh8 37. Nf1 Rh5 38. Kd2 Rxg5 39. Kc3 bxc4 40. b4 Rc8 41. Nd2 Rg2 42. h4 Rh2 43. Ra2 Kf6 44. b5 Rd8 45. b6 Rd3+ 46. Kxc4 Rdxd2 47. b7 Rxa2 48. b8=Q Rhc2+ 49. Kd4 Rd2+ 50. Kc3 Rac2+ 51. Kb3 Rb2+ 52. Kc3 Rxb8 53. Kxd2 Rd8+ 54. Ke2 Kg7 0-1


[Site "https://www.chess.com"]

[Event "Titled Tuesday Blitz September 27 Early 2022"]
[White "Kamsky, Gata"]
[Black "Hardaway, Brewington"]
[WhiteFideId "2000024"]
[BlackFideId "30941849"]
[WhiteElo "2666"]
[BlackElo "1813"]
[Result "1-0"]
[Round "11"]
[TimeControl "180+1"]
[Date "2022.09.27"]
[WhiteClock "0:01:03"]
[BlackClock "0:01:04"]

1. e4 e5 2. Nf3 Nf6 3. Nxe5 d6 4. Nf3 Nxe4 5. Qe2 Qe7 6. d3 Nf6 7. Nc3 a6 8. Bg5 Nbd7 9. Nd4 h6 10. Bh4 Qe5 11. f4 Qxe2+ 12. Bxe2 c5 13. Nf5 g6 14. Ne3 Be7 15. Bf3 Rb8 16. a4 d5 17. Bxf6 Bxf6 18. Nexd5 Bg7 19. a5 Nf6 20. Nb6 Be6 21. Nca4 Bf8 22. O-O Bd6 23. g3 O-O 24. Rfe1 Rfe8 25. Rad1 Bc7 26. Nxc5 Bg4 27. Rxe8+ Rxe8 28. Kg2 h5 29. h3 Bxf3+ 30. Kxf3 Bxb6 31. axb6 Nd5 32. c4 Nxb6 33. Nxb7 Rb8 34. Na5 Na4 35. b3 Nc5 36. Ke3 Re8+ 37. Kd4 Ne6+ 38. Kc3 h4 39. gxh4 Nxf4 40. c5 Nd5+ 41. Kd4 Rd8 42. Nb7 1-0


[Site "https://www.chess.com"]

[Event "Titled Tuesday Blitz September 27 Early 2022"]
[White "Khamdamova, Afruza"]
[Black "Martin, Lewis"]
[WhiteFideId "14210444"]
[BlackFideId "410551"]
[WhiteElo "1668"]
[BlackElo "2145"]
[Result "1/2-1/2"]
[Round "11"]
[TimeControl "180+1"]
[Date "2022.09.27"]
[WhiteClock "0:00:08"]
[BlackClock "0:00:05"]

1. e4 c5 2. Nf3 d6 3. d4 cxd4 4. Nxd4 Nf6 5. Nc3 a6 6. Bg5 e6 7. f4 b5 8. Qf3 Bb7 9. Bd3 Nbd7 10. O-O-O Be7 11. g4 Rc8 12. Nce2 O-O 13. Bxf6 Nxf6 14. g5 Nd7 15. h4 Nc5 16. Kb1 e5 17. fxe5 dxe5 18. Nf5 Qc7 19. Rc1 Rfd8 20. Rhf1 Bf8 21. h5 Rd7 22. Neg3 Rcd8 23. Be2 Rd2 24. Qg4 g6 25. hxg6 fxg6 26. Nh6+ Bxh6 27. gxh6 Bc8 28. Qh4 Be6 29. Bg4 Bc4 30. Rf3 Ne6 31. Bxe6+ Bxe6 32. Qf6 Re8 33. Nf5 Bxf5 34. exf5 Rd6 35. Qg5 e4 36. Rc3 Qe7 37. Qg3 Qe5 38. Qxe5 Rxe5 39. Rc8+ Kf7 40. Rc7+ Re7 41. fxg6+ Rxg6 42. Rxe7+ Kxe7 43. Re1 Re6 44. Rh1 Kf7 45. Kc1 Kg6 46. Kd2 e3+ 47. Ke2 Kg5 48. Rh2 Rxh6 49. Rg2+ Kf4 50. c3 Rd6 51. Ke1 h5 52. Rg7 h4 53. Rf7+ Kg3 54. Rg7+ Kf4 55. Rf7+ Kg5 56. Rg7+ Rg6 57. Rh7 Rh6 58. Rg7+ Rg6 59. Rh7 Kg4 60. Ke2 Kg3 61. Kxe3 h3 62. Kd4 h2 63. Kc5 Rg4 64. Rxh2 Kxh2 65. b3 Rg6 66. c4 bxc4 67. bxc4 Kg3 68. Kd5 Kf4 69. c5 Ke3 70. c6 Rg8 71. a4 Kd3 72. Kc5 Kc3 73. a5 Kb3 74. Kb6 Ka4 75. Kxa6 Ra8+ 76. Kb7 Rxa5 77. c7 Rc5 78. c8=Q Rxc8 79. Kxc8 1/2-1/2


[Site "https://www.chess.com"]

[Event "Titled Tuesday Blitz September 27 Early 2022"]
[White "Kislov, Oleg"]
[Black "Arabidze, Meri"]
[WhiteFideId "13503774"]
[BlackFideId "13604040"]
[WhiteElo "2185"]
[BlackElo "2335"]
[Result "1-0"]
[Round "11"]
[TimeControl "180+1"]
[Date "2022.09.27"]
[WhiteClock "0:01:11"]
[BlackClock "0:00:55"]

1. e4 c5 2. Nf3 e6 3. c3 d5 4. exd5 exd5 5. d4 Nc6 6. Be2 c4 7. b3 cxb3 8. axb3 Bd6 9. O-O Nge7 10. Ba3 O-O 11. Re1 Ng6 12. g3 Bg4 13. Nbd2 a6 14. Nf1 Bxa3 15. Rxa3 Re8 16. Ne3 Bh3 17. Bf1 Bxf1 18. Rxf1 h6 19. Re1 Qd7 20. Ra2 Re4 21. Qd3 Rae8 22. Rae2 b5 23. Nd2 R4e6 24. b4 Nce7 25. Nb3 Rf6 26. Nc5 Qh3 27. Nxd5 Nh4 28. Nxf6+ gxf6 29. gxh4 1-0


[Site "https://www.chess.com"]

[Event "Titled Tuesday Blitz September 27 Early 2022"]
[White "Kodinets, Konstantin L."]
[Black "Tasev, Dejan"]
[WhiteFideId "4122011"]
[BlackFideId "936618"]
[WhiteElo "2447"]
[BlackElo "2256"]
[Result "1-0"]
[Round "11"]
[TimeControl "180+1"]
[Date "2022.09.27"]
[WhiteClock "0:00:16"]
[BlackClock "0:00:18"]

1. d4 Nf6 2. Nf3 e6 3. Bg5 b6 4. Nbd2 h6 5. Bxf6 Qxf6 6. e4 Bb7 7. Bd3 g5 8. h3 d6 9. e5 Qe7 10. Qe2 a6 11. O-O-O Bg7 12. Kb1 Nd7 13. Rhe1 d5 14. c4 dxc4 15. Nxc4 Bd5 16. Be4 Bxe4+ 17. Qxe4 O-O 18. Ne3 b5 19. h4 f5 20. exf6 Nxf6 21. Qc6 Qd6 22. Qxd6 cxd6 23. hxg5 Ne4 24. Re2 Nxg5 25. Nxg5 hxg5 26. Ng4 Rae8 27. f3 Kf7 28. Kc2 Rc8+ 29. Kd3 Rc4 30. Re4 Rfc8 31. Ne3 Ra4 32. a3 b4 33. d5 exd5 34. Nxd5 Bxb2 35. axb4 Ra3+ 36. Ke2 Bg7 37. Re7+ Kf8 38. Rd7 Rc2+ 39. Rd2 Rxd2+ 40. Kxd2 Ra2+ 41. Kd3 Rxg2 42. Rxd6 Rb2 43. Rxa6 Rb3+ 44. Ke4 Rb1 45. Kf5 Rd1 46. Ra8+ Kf7 47. Ra7+ Kf8 48. Nc7 Kg8 49. Ne6 Bc3 50. Kg6 Ra1 51. Rxa1 Bxa1 52. b5 Be5 53. Kxg5 Kf7 54. Kf5 Bb8 55. Nd4 Ba7 56. Nc6 Bb6 57. Ke5 Kg6 58. f4 Kf7 59. f5 Bc7+ 60. Ke4 Kf6 61. Nb4 Ba5 62. Nd5+ Kf7 63. b6 Ke8 64. b7 1-0


[Site "https://www.chess.com"]

[Event "Titled Tuesday Blitz September 27 Early 2022"]
[White "Kosakowski, Jakub"]
[Black "Caruana, Fabiano"]
[WhiteFideId "1185080"]
[BlackFideId "2020009"]
[WhiteElo "2453"]
[BlackElo "2847"]
[Result "0-1"]
[Round "11"]
[TimeControl "180+1"]
[Date "2022.09.27"]
[WhiteClock "0:00:04"]
[BlackClock "0:00:32"]

1. e4 e5 2. Bc4 Nf6 3. d3 c6 4. Nf3 Be7 5. O-O d6 6. Re1 O-O 7. Nbd2 h6 8. Bb3 Re8 9. Nf1 Bf8 10. h3 Nbd7 11. c3 g6 12. Ng3 Nc5 13. Bc2 Ne6 14. d4 Qc7 15. Be3 Bg7 16. Qd2 Kh7 17. Rad1 a5 18. a4 Bd7 19. h4 Rad8 20. h5 Ng4 21. d5 Nf8 22. hxg6+ fxg6 23. dxc6 Bxc6 24. Bb3 Ne6 25. Bd5 Bxa4 26. Ra1 Bc6 27. c4 b6 28. b4 axb4 29. Qxb4 Nc5 30. Qc3 Bxd5 31. cxd5 Ra8 32. Nd2 Qe7 33. Rab1 Ra2 34. Ndf1 Rea8 35. Ra1 h5 36. Rxa2 Rxa2 37. Bxc5 bxc5 38. f3 Nf6 39. Ra1 Qa7 40. Rxa2 Qxa2 41. Ne3 h4 42. Ngf1 Nh5 43. Qd2 Qa6 44. Qf2 Bf6 45. Ng4 Bg5 46. Nfe3 Ng3 47. Kh2 Bf4 48. Kh3 Qa1 49. Nh2 Qd4 50. Nhg4 Bxe3 51. Nxe3 Nh5 52. Kxh4 c4 53. g4 Nf4 54. Kg5 Nh3+ 0-1


[Site "https://www.chess.com"]

[Event "Titled Tuesday Blitz September 27 Early 2022"]
[White "Koziorowicz, Michal"]
[Black "Gu, Xiaobing"]
[WhiteFideId "21809194"]
[BlackFideId "8602611"]
[WhiteElo "2220"]
[BlackElo "2174"]
[Result "1/2-1/2"]
[Round "11"]
[TimeControl "180+1"]
[Date "2022.09.27"]
[WhiteClock "0:00:03"]
[BlackClock "0:00:07"]

1. f3 d5 2. Kf2 e5 3. g3 Bc5+ 4. Kg2 Nf6 5. e3 O-O 6. d4 exd4 7. exd4 Bb6 8. c3 Re8 9. Bd3 c5 10. dxc5 Bxc5 11. Ne2 Nc6 12. Nd2 Ne5 13. Nb3 Bb6 14. Nbd4 Bd7 15. Bf4 Qc8 16. h4 h5 17. Bg5 Nh7 18. Bxh7+ Kxh7 19. Qc2+ Kg8 20. Rad1 Nc4 21. Bc1 Ne3+ 22. Bxe3 Rxe3 23. Rd3 Qe8 24. Qd2 Rxd3 25. Qxd3 Qe5 26. Rd1 Re8 27. Qd2 Bb5 28. Nf4 Ba4 29. b3 Bd7 30. Nc2 Qf5 31. Qd3 Qxd3 32. Rxd3 Bf5 33. Rd2 Bxc2 34. Rxc2 d4 35. c4 Re3 36. Rd2 Bc5 37. Nd5 Re1 38. b4 Bb6 39. c5 Bd8 40. a4 g5 41. hxg5 Bxg5 42. f4 Bh6 43. Rxd4 Bg7 44. Rd3 Ra1 45. a5 Rb1 46. c6 bxc6 47. Ne7+ Kh7 48. Nxc6 a6 49. Rd7 Kg6 50. Rd6+ Kf5 51. Rd2 Kg4 52. Nd8 Rb3 53. Nxf7 Rxg3+ 54. Kf2 Rf3+ 55. Ke2 Rxf4 56. Nd8 h4 57. Ne6 Re4+ 58. Kd3 Rxe6 59. Kc4 Re4+ 60. Kc5 h3 61. b5 Re5+ 62. Kb6 Rxb5+ 63. Kxa6 Rb2 64. Rd7 Be5 65. Rh7 h2 66. Ka7 Bd4+ 67. Ka8 Ra2 68. Kb7 Rxa5 69. Rxh2 Kg3 70. Rd2 Be5 71. Kc6 Kf4 72. Rd5 Rxd5 73. Kxd5 1/2-1/2


[Site "https://www.chess.com"]

[Event "Titled Tuesday Blitz September 27 Early 2022"]
[White "Kuchava, Ana"]
[Black "Guliev, Logman"]
[WhiteFideId "13605348"]
[BlackFideId "13400061"]
[WhiteElo "1955"]
[BlackElo "2128"]
[Result "1-0"]
[Round "11"]
[TimeControl "180+1"]
[Date "2022.09.27"]
[WhiteClock "0:00:09"]
[BlackClock "0:00:02"]

1. d4 d5 2. Nf3 e6 3. Bf4 Nf6 4. e3 Bd6 5. Bxd6 Qxd6 6. c4 dxc4 7. Qa4+ Nbd7 8. Qxc4 O-O 9. Nc3 e5 10. Nb5 Qe7 11. Nxc7 Rb8 12. Be2 Nb6 13. Qc5 Qxc5 14. dxc5 Na4 15. b4 e4 16. Nd4 Nc3 17. Kd2 Ncd5 18. Nxd5 Nxd5 19. a3 Be6 20. Rhc1 Rbd8 21. b5 Bc8 22. c6 bxc6 23. bxc6 f5 24. Rc5 f4 25. Rxd5 Rxd5 26. Bc4 Be6 27. Bxd5 Bxd5 28. exf4 Rxf4 29. Ke3 Rf8 30. Rc1 Kf7 31. c7 Bb7 32. Nb5 Ke7 33. Nxa7 Bc8 34. Nxc8+ Rxc8 35. Kxe4 Kd7 36. f4 Re8+ 37. Kf3 Kc8 38. Rc3 Re1 39. g4 Re6 40. f5 Ra6 41. Kf4 h6 42. h4 Ra4+ 43. Kf3 Rd4 44. Kg3 Ra4 45. g5 h5 46. f6 Rg4+ 47. Kf3 gxf6 48. gxf6 Rg1 49. Ke4 Rf1 50. Rf3 Re1+ 51. Kf5 1-0


[Site "https://www.chess.com"]